 Dungeon Crawl Stone Soup version 0.19.3-4-gbf9329e (webtiles) character file.

786 Jerry the Cutter (level 7, -1/37 HPs)
             Began as a Vine Stalker Skald on Jan 27, 2017.
             Slain by Pikel
             ... wielding a +0 whip of electrocution
              (17 damage)
             ... on level 4 of the Dungeon.
             The game lasted 00:19:03 (3696 turns).

Jerry the Cutter (Vine Stalker Skald)               Turns: 3696, Time: 00:19:04

Health: -1/37      AC:  7    Str: 15    XL:     7   Next: 87%
Magic:  0/11       EV: 10    Int: 12    God:
Gold:   169        SH:  0    Dex: 15    Spells: 2 memorised, 7 levels left

rFire  . . .     SeeInvis .     p - +2 dagger (speed)
rCold  + . .     Gourm    .     F - +0 ring mail {rC+}
rNeg   . . .     Faith    .     (no shield)
rPois  .         Spirit   +     y - +0 helmet
rElec  .         Reflect  .     (no cloak)
rCorr  .         Harm     .     (no gloves)
MR     +....                    (no boots)
Stlth  +.........               (no amulet)
                                (no ring)
                                E - ring of protection from magic

@: infused (expiring), very slightly contaminated
A: fangs 2, regeneration 1, magic shield, antimagic bite, no device heal 3, rot
immunity
a: no special abilities


You were on level 4 of the Dungeon.
You were not hungry.

You visited 1 branch of the dungeon, and saw 5 of its levels.

You collected 169 gold pieces.

Inventory:

Hand Weapons
 p - a +2 dagger of speed (weapon)
Armour
 y - a +0 helmet (worn)
 F - a +0 ring mail of cold resistance (worn)
Jewellery
 E - a ring of protection from magic (left hand)
Wands
 l - a wand of slowing (6/48)
Scrolls
 i - 3 scrolls of remove curse
 j - a scroll of amnesia
Potions
 g - 2 potions of haste {unknown}
 k - 2 potions of lignification {unknown}
 m - a potion of flight
 o - 3 potions of curing {unknown}
 u - a potion of heal wounds {unknown}
 w - a potion of mutation {unknown}
 z - 2 potions of agility
 A - a potion of cancellation {unknown}
 D - a potion of magic {unknown}
Books
 c - a book of Battle

   Spells                             Type                      Level
   a - Infusion                       Charms                       1
   b - Shroud of Golubria             Charms/Translocation         2
   c - Song of Slaying                Charms                       2
   d - Spectral Weapon                Hexes/Charms                 3
   e - Regeneration                   Charms/Necromancy            3
Comestibles
 d - 4 bread rations
 f - 6 chunks of flesh
 s - 2 fruits
 v - a slice of pizza
 B - 2 meat rations
 C - 4 beef jerkies


   Skills:
 + Level 4.3 Fighting
 + Level 5.2 Short Blades
 + Level 3.9 Armour
 - Level 0.7 Dodging
 - Level 2.1 Spellcasting
 - Level 3.0 Charms


You had 7 spell levels left.
You knew the following spells:

 Your Spells              Type           Power        Failure   Level  Hunger
a - Infusion              Chrm           #...         14%         1    ##.....
b - Shroud of Golubria    Chrm/Tloc      #.........   38%         2    ###....


Dungeon Overview and Level Annotations

Branches:
Dungeon (5/15)
 Temple: D:4-7

Altars:
Fedhas

Annotations:
D:4 Pikel


Innate Abilities, Weirdness & Mutations

You have extremely sharp teeth.
Your natural rate of healing is unusually fast.
When hurt, damage is shared between your health and your magic reserves.
Your bite disrupts and absorbs the magic of your enemies.
Potions and wands cannot restore your health.
You are immune to rotting.


Message History

Pikel is heavily wounded.
Pikel hits you but does no damage.
You closely miss Pikel. Your bite misses Pikel.
Pikel is heavily wounded.
You hit Pikel but do no damage. You bite Pikel, but do no damage.
Pikel is heavily wounded.
Your shroud unravels.
Pikel hits you with a whip of electrocution.
You hit Pikel.
Pikel is severely wounded.
You barely miss Pikel. You bite Pikel, but do no damage.
Pikel is severely wounded.
Pikel hits you with a whip of electrocution.
You hit Pikel. You bite Pikel, but do no damage.
Pikel is severely wounded.
You barely miss Pikel. Your bite misses Pikel.
Pikel is severely wounded.
Pikel hits you with a whip of electrocution!
You are electrocuted!
You die...

#.##.# #.....####.#.##.##
#.##############'#### #.#.....#
#................#######........
##.#######..#####.........)...###
...# #..# #..####..[P.P.#
##)#######..# #..#..'..####)#
).).....##..# #.P#..#..#..#.#
##.####.##..#####..####..#..#.#
.#.(.##.##......@K.#..#..##'#.#
.###.##.##.#####...#รท)#.......#
.# #.....#'## #..##'##.....P.#
.#######....# #..#..#...####.#
......##....# #..#.)#...#..#.#
#####.##....# #..#..'^..#..#.#
#####.##....# #..####..##'##.#
......##....####........#...#.##
.....)##....##.....P....'...#..##


You could see Pikel (inner flame).

Vanquished Creatures
  Edmund (D:4)
  An ogre (D:4)
  A phantom (D:4)
  Blork the orc (D:4)
  2 orc priests
  4 orc wizards
  An iguana (D:4)
  Jessica (D:2)
  2 worker ants (D:4)
  A howler monkey skeleton (D:5)
  An adder (D:3)
  3 gnolls (D:2)
  An ooze (D:4)
  3 worms
  A dart slug (D:1)
  4 leopard geckos
  17 orcs
  5 giant cockroaches
  12 goblins
  7 hobgoblins
  3 jackals (D:2)
  11 kobolds
  4 bats
  2 frilled lizards
  11 rats
100 creatures vanquished.

Notes
Turn   | Place    | Note
-------+----------+-------------------------------------------
     0 | D:1      | Jerry the Vine Stalker Skald began the quest for the Orb.
     0 | D:1      | Reached XP level 1. HP: 11/11 MP: 4/4
   204 | D:1      | Reached skill level 2 in Short Blades
   231 | D:1      | Reached skill level 1 in Armour
   367 | D:1      | Reached XP level 2. HP: 15/15 MP: 6/6
   932 | D:2      | Reached XP level 3. HP: 17/18 MP: 7/7
  1162 | D:2      | Noticed Jessica
  1173 | D:2      | Killed Jessica
  1173 | D:2      | Reached skill level 3 in Short Blades
  1173 | D:2      | Gained mutation: Your natural rate of healing is unusually fast. [Vine Stalker growth]
  1173 | D:2      | Reached XP level 4. HP: 19/23 MP: 4/8
  1934 | D:3      | Reached XP level 5. HP: 24/27 MP: 6/9
  1985 | D:3      | Found a blossoming altar of Fedhas.
  2145 | D:3      | HP: 1/27 [something/puff of flame (5)]
  2162 | D:3      | HP: 1/40 [orc priest/falchion (3)]
  2332 | D:3      | Reached skill level 4 in Short Blades
  2494 | D:4      | Reached XP level 6. HP: 32/32 MP: 10/10
  2533 | D:4      | Noticed Blork the orc
  2534 | D:4      | Noticed Edmund
  2556 | D:4      | Killed Edmund
  2559 | D:4      | Killed Blork the orc
  2559 | D:4      | Reached XP level 7. HP: 25/36 MP: 11/11
  2977 | D:4      | Reached skill level 5 in Short Blades
  3636 | D:5      | Entered Level 5 of the Dungeon
  3649 | D:5      | Noticed Pikel
  3665 | D:5      | Learned a level 2 spell: Shroud of Golubria
  3696 | D:4      | Slain by Pikel

Skill      XL: |  1  2  3  4  5  6  7 |
---------------+----------------------+-----
Short Blades   | 2 3 4 5 |  5.2
Armour         | 1 2 3 |  3.9
Fighting       | 2 3 4 |  4.3
Dodging        | |  0.7
Spellcasting   | |  2.1
Charms         | |  3.0

Action                   |  1- 3 |  4- 6 |  7- 9 || total
-------------------------+-------+-------+-------++-------
Melee: Short sword       |    12 |       |       ||    12
       Dagger            |    54 |   170 |   177 ||   401
       Bite              |     7 |    37 |    61 ||   105
 Cast: Infusion          |     2 |     8 |     3 ||    13
       Shroud of Golubri |       |       |     1 ||     1
  Use: Potion            |       |     3 |       ||     3
       Scroll            |       |       |     8 ||     8
  Eat: Chunk             |     1 |     4 |     4 ||     9
Armor: Leather armour    |    15 |    14 |       ||    29
       Scale mail        |       |    17 |    29 ||    46
       Ring mail         |       |       |     4 ||     4
Dodge: Dodged            |    32 |    67 |    32 ||   131
